 Dungeon Crawl Stone Soup version 0.31-a0-459-gc8a9bf3d51 (webtiles) character file.

Game seed: 11575824228403809802

217 Ethylacetat the Trooper (level 5, -10/29 HPs)
             Began as a Vine Stalker Monk on Aug 4, 2023.
             Mangled by Crazy Yiuf
             ... wielding a +4 quarterstaff of chaos
              (16 damage)
             ... on level 3 of the Dungeon.
             The game lasted 00:02:58 (1882 turns).

Ethylacetat the Trooper (Vine Stalker Monk)         Turns: 1882, Time: 00:02:58

Health: -10/29     AC:  2    Str: 16    XL:     5   Next: 94%
Magic:  0/9        EV: 12    Int: 10    God:
Gold:   107        SH:  0    Dex: 16    Spells: 8/8 levels left

rFire   . . .        g - +2 dagger (venom)
rCold   . . .        c - orb {light}
rNeg    . . .        a - +0 robe
rPois   .            (no helmet)
rElec   .            (no cloak)
rCorr   .            (no gloves)
SInv    .            (no boots)
Will    .....        (no amulet)
Stlth   +            (no ring)
HPRegen 1.04/turn    (no ring)
MPRegen 0.11/turn

%: guardian spirit
@: lethally poisoned (-10 -> -10), glowing
A: fangs 2, regeneration 1, magic shield, antimagic bite, no potion heal 2
a: no special abilities


You were on level 3 of the Dungeon.
You visited 1 branch of the dungeon, and saw 3 of its levels.

You collected 107 gold pieces.

Inventory:

Hand Weapons
 g - a +2 dagger of venom (weapon)
Missiles
 e - 3 curare-tipped darts
Armour
 a - a +0 robe (worn)
 c - an orb of light (worn)
Wands
 n - a wand of light (3)
Scrolls
 f - 2 scrolls of identify {unknown}
 h - a scroll of enchant weapon {unknown}
 j - 2 scrolls of revelation {unknown}
 m - a scroll of silence {unknown}
 o - a scroll of blinking {unknown}
Potions
 b - a potion of ambrosia
 d - a potion of lignification {unknown}
 i - a potion of might {unknown}
 k - a potion of curing {unknown}
 l - a potion of enlightenment {unknown}


   Skills:
 + Level 3.7 Fighting
 * Level 3.2 Short Blades
 - Level 2.5 Dodging
 - Level 3.1 Unarmed Combat
 + Level 2.3 Spellcasting


You had 8 spell levels left.
You didn't know any spells.
Your spell library contained the following spells:

 Spells                   Type           Power      Damage    Failure   Level
 Summon Small Mammal      Summ           4%         N/A       30%         1
 Call Canine Familiar     Summ           1%         N/A       65%         3
 Summon Guardian Golem    Hex/Summ       1%         N/A       65%         3


Dungeon Overview and Level Annotations

Branches:
Dungeon (3/15)

Altars:

Annotations:
D:3 Crazy Yiuf


Innate Abilities, Weirdness & Mutations

You have extremely sharp teeth.
Your natural rate of healing is unusually fast.
When hurt, damage is shared between your health and your magic reserves.
Your bite disrupts and absorbs the magic of your enemies.
Potions cannot restore your health.


Message History

o - a scroll labelled TOSI TOSAZ
Found a hammer.
Found two hammers.
Found a runed translucent door.
No target in view!
No target in view!
No target in view!
Crazy Yiuf shouts!
Crazy Yiuf laughs, "Powder down ena!"
You see here a +0 hammer.
Found two hammers.
No reachable target in view!
No reachable target in view!
You open the door. You hit Crazy Yiuf.
Crazy Yiuf is poisoned.
You bite Crazy Yiuf, but do no damage.
Crazy Yiuf is lightly wounded.
You hit Crazy Yiuf.
Crazy Yiuf looks even sicker.
You bite Crazy Yiuf, but do no damage.
Crazy Yiuf is lightly wounded.
Crazy Yiuf cries, "Citrus snail foot!"
Crazy Yiuf hits you with a +4 quarterstaff of chaos.
You hit Crazy Yiuf.
Crazy Yiuf looks as sick as possible!
Crazy Yiuf is moderately wounded.
Crazy Yiuf hits you with a +4 quarterstaff of chaos!
You are poisoned.
You hit Crazy Yiuf but do no damage.
Crazy Yiuf is moderately wounded.
You feel sick.
Crazy Yiuf zaps a wand.
The puff of flame hits you. Crazy Yiuf attacks as you move away!
Crazy Yiuf hits you with a +4 quarterstaff of chaos!
* * * LOW HITPOINT WARNING * * *
Crazy Yiuf draws strength from your wounds!
You feel sick.
You see here a +0 hammer.
Crazy Yiuf attacks as you move away! Crazy Yiuf closely misses you.
You feel sick. Crazy Yiuf attacks as you move away!
Crazy Yiuf hits you with a +4 quarterstaff of chaos!
Ouch! That really hurt!
You die...

#...........##
########.#...#
####..##
#....# ♣....♣
♣♣..)♣ ♣♣.♣♣
♣♣.♣ ♣@♣♣ ♣♣g♣
♣.♣♣ #'# ...
#..)# #).)#
#####


You could see Crazy Yiuf (extremely poisoned).

Vanquished Creatures
  2 hounds (D:3)
  Jessica (D:2)
  Ijyb (D:3)
  3 adders
  A worm (D:2)
  9 dart slugs
  5 orcs (D:3)
  5 endoplasms
  4 giant cockroaches
  4 hobgoblins
  2 jackals (D:2)
  4 quokkas
  A ball python (D:2)
  2 bats
  2 frilled lizards
  4 goblins
  5 kobolds
  4 rats
59 creatures vanquished.

Notes
Turn   | Place    | Note
-------+----------+-------------------------------------------
     0 | D:1      | Ethylacetat the Vine Stalker Monk began the quest for the
                  | Orb.
     0 | D:1      | Reached XP level 1. HP: 11/11 MP: 2/2
   321 | D:1      | Found a faded altar of an unknown god.
   358 | D:1      | Reached XP level 2. HP: 16/16 MP: 3/3
   861 | D:2      | Reached skill level 1 in Short Blades
   863 | D:2      | Reached XP level 3. HP: 14/20 MP: 2/4
  1099 | D:2      | Noticed Jessica
  1104 | D:2      | Reached skill level 1 in Spellcasting
  1110 | D:2      | Killed Jessica
  1111 | D:2      | Gained mutation: Your natural rate of healing is unusually
                  | fast. [Vine Stalker growth]
  1111 | D:2      | Reached XP level 4. HP: 24/24 MP: 6/6
  1504 | D:3      | Reached XP level 5. HP: 28/28 MP: 6/8
  1754 | D:3      | Noticed Ijyb
  1771 | D:3      | Killed Ijyb
  1871 | D:3      | Found a runed translucent door.
  1872 | D:3      | Noticed Crazy Yiuf
  1882 | D:3      | Mangled by Crazy Yiuf

Illustrated notes

Levels and vault maps discovered:
D:1:      psy_arrival_heroes, layout_basic, shapermc_ecumenical_altar_venn,
          roderic_roman_lattice
D:2:      layout_basic, uniq_jessica
D:3:      kennysheep_slugbush, layout_basic, kennysheep_boxes,
          uniq_crazy_yiuf_cottage, uniq_ijyb, uniq_grinder

Skill      XL: |  1  2  3  4  5 |
---------------+----------------+-----
Fighting       | 3 |  3.7
Short Blades   | 1 2 3 |  3.2
Spellcasting   | 1 2 |  2.3
Dodging        | |  2.5
Unarmed Combat | |  3.1

Action                     |  1- 3 |  4- 6 || total
---------------------------+-------+-------++-------
  Melee: Unarmed           |    14 |       ||    14
         Bite              |    24 |    26 ||    50
         Dagger            |    47 |    78 ||   125
 Armour: Robe              |    11 |     6 ||    17
  Dodge: Dodged            |    30 |    36 ||    66

Table legend: (Time is in decaauts)
 A = Elapsed time spent in this place.
 B = Non-inter-level travel time spent in this place.
 C = Inter-level travel time spent in this place.
 D = Time resting spent in this place.
 E = Time spent auto-exploring this place.
 F = Levels seen in this place.
 G = Mean time per level.
                   A        B        C        D        E       F      G
               +--------+--------+--------+--------+--------+-----+--------+
         Total |   1874 |   1831 |     43 |      0 |   1489 |   3 |  624.7 |
       Dungeon |   1874 |   1831 |     43 |      0 |   1489 |   3 |  624.7 |
               +--------+--------+--------+--------+--------+-----+--------+

Top non-repeatable levels by time:
     D:1: 826 daAuts
     D:2: 605 daAuts
     D:3: 442 daAuts
